Map: Ley Lines

Players

Geralt (Gerald) - Winner!

  • Race: Protoss Protoss
  • League: Master
  • Spawn Location: 1:00

Spirit (souL)

  • Race: Terran Terran
  • League: Grandmaster
  • Spawn Location: 7:00

Event: FEL Cracov 2025

VOD

Have the link to the VOD?

Description

Time

  • Played on: July 27, 2025, 6:09 a.m.
  • Length: 12:37

All games in this series

Show
View Real Time Build Order
Export as new Build Order

Geralt Protoss - Winner!

Build Orders: 1 Gate Expand, Blink Stalkers 

Get SALT Encoding   

  12  0:00  Probe  
  13  0:12  Probe  
  14  0:17  Pylon  
  14  0:23  Probe  
  15  0:31  Probe  
  16  0:37  Gateway  
  16  0:39  Probe  
  16  0:45  Assimilator  
  17  0:51  Probe  
  18  1:03  Probe  
  19  1:15  Probe  
  20  1:25  Cybernetics Core  
  20  1:27  Probe  
  21  1:40  Nexus  
  21  1:48  Pylon  
  21  1:50  Probe  
  22  1:54  Stalker  
  22  1:55  Assimilator  
  22  2:02  Probe  
  25  2:12  Warp Gate  
  25  2:14  Probe, Adept  
  25  2:26  Probe  
  28  2:37  Twilight Council  
  28  2:38  Probe  
  29  2:50  Probe  
  30  2:53  Blink  
  30  2:56  Probe  
  31  3:01  Sentry  
  31  3:02  Probe  
  34  3:08  Shield Battery  
  34  3:09  Probe  
  35  3:14  Probe  
  36  3:21  Probe  
  36  3:23  Gateway  
  38  3:27  Probe  
  38  3:33  Probe  
  39  3:38  Pylon  
  39  3:39  Probe  
  40  3:45  Gateway, Probe  
  41  3:51  Probe  
  42  3:57  Probe  
  42  4:01  Nexus  
  43  4:04  Probe  
  44  4:10  Stalker  
  44  4:11  Probe  
  44  4:14  Pylon  
  47  4:20  Probe  
  47  4:22  Assimilator  
  48  4:24  Pylon  
  48  4:26  Probe, Assimilator  
  48  4:31  Stalker  
  51  4:32  Probe  
  52  4:39  Probe, Forge  
  52  4:44  Stalker  
  53  4:45  Probe  
  53  4:50  Stalker  
  53  4:51  Probe  
  57  4:57  Charge, Probe  
  58  5:01  Templar Archives  
  58  5:03  Pylon  
  58  5:05  Probe  
  59  5:10  Stalker  
  59  5:13  Probe  
  62  5:14  Protoss Ground Armor Level 1  
  62  5:19  Probe x2  
  64  5:26  Shield Battery  
  64  5:27  Psionic Storm  
  64  5:28  Probe  
  65  5:32  Probe  
  65  5:33  Gateway  
  66  5:36  Probe, Zealot  
  66  5:40  Probe  
  70  5:44  Probe  
  70  5:46  High Templar  
  70  5:48  Probe  
  74  5:53  Stalker, Probe  
  74  5:56  Probe  
  77  5:58  Pylon  
  77  6:00  High Templar  
  77  6:01  Probe  
  80  6:05  Probe  
  81  6:12  Probe  
  81  6:16  Probe  
  81  6:17  Shield Battery, Probe  
  81  6:18  High Templar  
  86  6:21  Gateway  
  86  6:22  Zealot  
  88  6:26  Gateway  
  88  6:31  Probe  
  89  6:34  Pylon  
  89  6:37  Zealot x2  
  93  6:43  Zealot  
  93  6:44  Gateway  
  94  6:47  Gateway  
  94  6:53  Stalker  
  96  6:55  Probe  
  96  7:01  Zealot x2  
  100  7:08  Nexus  
  100  7:10  Pylon  
  100  7:11  High Templar  
  100  7:12  Probe  
  100  7:14  Robotics Facility  
  103  7:16  Pylon  
  103  7:17  Pylon  
  99  7:23  Probe, Zealot, Protoss Ground Weapons Level 1, Stalker x2  
  99  7:24  Zealot  
  99  7:29  Probe  
  105  7:31  Pylon  
  105  7:32  High Templar  
  107  7:37  Probe  
  107  7:38  Probe  
  107  7:42  Probe  
  107  7:43  Pylon  
  110  7:50  Probe  
  111  7:53  Gateway  
  111  7:54  Gateway  
  111  7:57  Zealot x5  
  107  8:14  Probe  
  107  8:19  Archon  
  108  8:20  Archon  
  108  8:22  High Templar x2, Zealot  
  108  8:23  Zealot x2, Warp Prism  
  113  8:27  Probe  
  113  8:30  Probe  
  113  8:31  Probe  
  113  8:32  Probe  
  108  8:37  Zealot x2  
  108  8:38  Zealot  
  108  8:39  Photon Cannon, Probe  
  108  8:40  Shield Battery  
  115  8:42  Probe  
  115  8:45  Gateway  
  108  8:50  Photon Cannon, Forge  
  108  8:51  Zealot x4, Probe  
  108  8:54  Probe  
  114  8:57  Probe  
  114  9:00  Zealot x3  
  119  9:03  Probe  
  119  9:09  High Templar x3  
  126  9:13  High Templar x3  
  132  9:17  Probe, Archon  
  132  9:18  Archon  
  132  9:19  Probe, Nexus  
  132  9:24  Probe, Robotics Bay  
  135  9:25  Probe  
  128  9:40  Probe  
  128  9:44  Protoss Ground Weapons Level 2  
  125  9:46  Probe  
  125  9:49  Gateway  
  126  9:54  Protoss Ground Armor Level 2, Zealot x10  
  126  9:55  Zealot  
  126  9:58  Probe  
  143  10:03  Probe  
  143  10:06  Probe  
  145  10:09  Assimilator  
  145  10:11  Assimilator  
  145  10:12  Pylon  
  137  10:17  Zealot x9  
  137  10:18  Zealot x2  
  137  10:19  Probe  
  121  10:35  Probe  
  121  10:36  Probe x3  
  121  10:38  Colossus  
  122  10:44  Zealot x2  
  122  10:45  Zealot x10  
  152  10:54  Probe  
  152  10:55  Robotics Facility  
  153  11:00  Photon Cannon  
  153  11:01  Shield Battery  
  153  11:07  Zealot x7  
  157  11:24  Colossus  
  157  11:25  Zealot x5  
  171  11:35  High Templar x2  
  171  11:36  Zealot x5  
  171  11:37  Probe  
  156  11:57  Zealot x10  
  172  12:15  Nexus  
  162  12:25  Archon  
  146  12:30  Zealot x2  
  146  12:31  Zealot x10  
Show
View Real Time Build Order
Export as new Build Order

Spirit Terran 

Build Orders: Reaper Expand 

Get SALT Encoding   

  12  0:01  SCV  
  13  0:13  SCV  
  14  0:18  Supply Depot  
  14  0:25  SCV  
  15  0:39  SCV  
  15  0:41  Barracks  
  16  0:48  Refinery  
  16  0:51  SCV  
  17  1:03  SCV  
  18  1:06  Engineering Bay  
  18  1:15  SCV  
  18  1:31  Orbital Command  
  18  1:32  Reaper  
  19  1:47  Command Center  
  19  1:54  Supply Depot  
  19  1:58  SCV  
  20  2:04  Marine  
  21  2:10  SCV  
  21  2:15  Factory  
  22  2:22  Marine, SCV  
  24  2:27  Bunker  
  24  2:31  Refinery  
  24  2:34  SCV  
  25  2:41  Barracks Reactor  
  25  2:46  SCV  
  25  2:59  SCV, Hellion  
  25  3:01  Orbital Command  
  25  3:05  Starport  
  28  3:11  SCV  
  29  3:18  Marine x2  
  31  3:20  Widow Mine  
  31  3:23  SCV  
  34  3:28  SCV  
  35  3:35  SCV  
  35  3:37  Marine x2  
  35  3:40  SCV, Supply Depot  
  39  3:43  Medivac  
  39  3:44  Widow Mine  
  39  3:47  SCV  
  44  3:52  SCV  
  44  3:54  Supply Depot  
  45  3:59  SCV  
  46  4:03  Barracks  
  46  4:04  SCV  
  46  4:07  Factory Tech Lab  
  45  4:11  Barracks, SCV  
  45  4:14  Marine  
  47  4:21  Marine, SCV  
  47  4:23  Starport Tech Lab  
  49  4:25  SCV  
  49  4:26  Supply Depot  
  49  4:29  Engineering Bay  
  50  4:33  SCV  
  50  4:37  SCV  
  52  4:42  Raven  
  54  4:45  SCV  
  54  4:47  Supply Depot, Refinery  
  54  4:49  SCV, Marine x2  
  58  4:57  Terran Infantry Weapons Level 1, Stimpack  
  58  4:58  SCV  
  59  5:01  SCV, Marauder  
  62  5:10  SCV, Supply Depot  
  62  5:11  Marine x2  
  62  5:13  SCV  
  66  5:18  Factory Reactor  
  66  5:22  SCV, Starport Reactor, Marauder  
  66  5:23  Combat Shield  
  66  5:28  Marauder  
  72  5:30  Marine x2  
  72  5:33  Supply Depot  
  74  5:40  Command Center  
  73  5:44  SCV x2  
  73  5:46  Supply Depot  
  73  5:47  Marauder  
  73  5:48  Marine  
  78  5:51  Marine, Marauder  
  78  5:56  SCV  
  82  5:57  Supply Depot  
  82  5:59  Medivac x2  
  86  6:05  Marine  
  86  6:08  Marauder  
  86  6:11  Widow Mine, Refinery  
  91  6:12  Marine, Supply Depot  
  91  6:15  SCV  
  91  6:19  Marauder  
  91  6:23  Marine  
  91  6:25  Widow Mine  
  96  6:28  SCV  
  96  6:29  Medivac, Marine  
  96  6:30  Marauder, SCV  
  96  6:32  Widow Mine  
  105  6:39  Medivac  
  107  6:40  Marine  
  107  6:42  SCV  
  107  6:44  SCV  
  107  6:46  Widow Mine  
  112  6:51  Marauder  
  114  6:54  Barracks  
  114  6:56  Barracks  
  114  6:57  SCV x2, Supply Depot  
  114  6:58  Terran Infantry Armor Level 1  
  114  6:59  Marauder  
  118  7:06  Widow Mine, Marine  
  120  7:09  SCV  
  120  7:10  Medivac  
  120  7:13  SCV  
  120  7:15  Marine, Marauder  
  127  7:18  Sensor Tower  
  127  7:21  SCV  
  127  7:22  Marauder  
  119  7:24  Marine  
  119  7:27  Orbital Command  
  119  7:28  Medivac  
  120  7:30  SCV  
  120  7:32  Ghost Academy  
  120  7:33  Marine  
  120  7:36  Widow Mine, SCV  
  127  7:37  Marauder  
  127  7:42  Marine x2, SCV  
  127  7:43  Marauder  
  132  7:44  Marine  
  132  7:49  SCV  
  134  7:51  Marine  
  134  7:53  SCV  
  134  7:54  SCV  
  134  7:58  Marine  
  137  8:01  SCV  
  137  8:04  Marine  
  137  8:05  Marauder  
  124  8:06  Medivac, Marine  
  124  8:07  SCV  
  124  8:08  Marine  
  124  8:10  Marine  
  116  8:16  Marauder  
  116  8:17  SCV  
  109  8:20  Medivac  
  109  8:22  Marine  
  109  8:23  SCV  
  109  8:24  SCV, Marine  
  109  8:26  Marauder, Marine  
  102  8:28  Marine  
  102  8:29  SCV  
  96  8:35  SCV  
  96  8:38  Medivac  
  95  8:41  SCV  
  95  8:44  Widow Mine, SCV  
  95  8:47  SCV  
  99  8:50  Ghost  
  99  8:53  SCV  
  99  8:54  Marine x2  
  95  8:56  SCV  
  95  8:57  Command Center  
  95  9:00  SCV  
  95  9:01  Bunker  
  95  9:02  Refinery  
  97  9:03  Refinery, Barracks Reactor  
  97  9:05  Marine, Barracks Tech Lab, SCV  
  97  9:07  Widow Mine  
  97  9:08  SCV  
  103  9:10  Widow Mine  
  103  9:12  SCV  
  103  9:15  Supply Depot  
  104  9:17  Marine, SCV  
  104  9:21  Ghost  
  104  9:22  Marine  
  110  9:26  Marine  
  110  9:29  Widow Mine  
  114  9:31  Widow Mine  
  114  9:32  Marine  
  114  9:38  Marine  
  116  9:40  Marine  
  116  9:43  Ghost  
  118  9:50  Ghost, Marauder, Widow Mine  
  118  9:51  Marine  
  128  9:53  Widow Mine  
  128  9:56  Armory  
  128  9:57  Engineering Bay  
  128  9:58  SCV x2  
  130  10:00  Marine  
  130  10:01  Marine x2  
  127  10:09  Marine  
  127  10:11  Ghost  
  127  10:12  Widow Mine  
  127  10:13  Marauder  
  129  10:17  Marine  
  129  10:18  Medivac  
  129  10:19  Marine x2  
  118  10:22  SCV  
  118  10:25  Marine  
  118  10:27  SCV  
  112  10:28  SCV  
  112  10:31  Marine  
  112  10:34  Marauder, SCV  
  112  10:35  Marine  
  114  10:37  Marine  
  114  10:39  Marine  
  114  10:41  SCV  
  117  10:43  Marine  
  117  10:49  Viking  
  120  10:53  SCV x2  
  120  10:54  Planetary Fortress  
  120  10:55  SCV  
  121  11:03  Armory  
  121  11:05  SCV x2  
  121  11:07  SCV  
  121  11:08  Sensor Tower  
  121  11:10  Marine  
  125  11:12  Marine  
  125  11:15  Marine, Marauder  
  125  11:17  Marine, SCV  
  117  11:22  SCV  
  117  11:23  Marine  
  117  11:24  Marauder  
  114  11:30  Marine  
  114  11:31  Marine  
  111  11:33  Marine  
  111  11:35  SCV  
  111  11:39  Marine  
  112  11:41  Marine  
  112  11:42  Marauder  
  112  11:45  Marauder  
  117  11:47  SCV x2  
  117  11:48  Marine  
  117  11:50  Marine  
  117  11:53  SCV x2  
  119  11:59  Barracks Tech Lab  
  119  12:01  SCV  
  117  12:02  SCV  
  117  12:03  Marauder  
  117  12:05  SCV  
  121  12:12  SCV  
  127  12:16  Marine  
  123  12:25  SCV  
Tags
 
Add a new tag
Caveats
  • Supply blocks, unpowered buildings, or Contaminate may cause inaccurate times.
  • Supply counts are checked every 10 seconds.